 Dungeon Crawl Stone Soup version 0.29.1-15-g9cfb28693d (webtiles) character file.

Game seed: 927931610264628015

41 SgtChris the Skirmisher (level 3, -2/31 HPs)
             Began as a Gnoll Hunter on Mar 20, 2023.
             Slain by an orc
             ... wielding a +0 falchion
              (4 damage)
             ... on level 4 of the Dungeon.
             The game lasted 00:03:02 (795 turns).

SgtChris the Skirmisher (Gnoll Hunter)               Turns: 795, Time: 00:03:02

Health: -2/31      AC:  3    Str: 10    XL:     3   Next: 52%
Magic:  4/4        EV: 13    Int: 10    God:
Gold:   101        SH:  0    Dex: 15    Spells: 3/3 levels left

rFire   . . .      SeeInvis .   f - +0 hand axe
rCold   . . .      Faith    .   (no shield)
rNeg    . . .      Spirit   .   c - +0 leather armour
rPois   .          Reflect  .   (no helmet)
rElec   .          Harm     .   (no cloak)
rCorr   .          Rampage  .   (no gloves)
Will    .....                   (no boots)
Stlth   ++........              (no amulet)
HPRegen 0.10/turn               (no ring)
MPRegen 0.09/turn               (no ring)

@: no status effects
A: fangs 1, strong nose, distributed training
a: no special abilities


You were on level 4 of the Dungeon.
You visited 1 branch of the dungeon, and saw 4 of its levels.

You collected 101 gold pieces.

Inventory:

Hand Weapons
 a - a +0 shortbow
 f - a +0 hand axe (weapon)
Missiles
 d - a boomerang
Armour
 c - a +0 leather armour (worn)
Scrolls
 b - a scroll of immolation


   Skills:
 + Level 4.5 Fighting
 + Level 0.9 Short Blades
 + Level 0.9 Long Blades
 + Level 0.9 Axes
 + Level 0.9 Maces & Flails
 + Level 0.9 Polearms
 + Level 0.9 Staves
 + Level 8.5 Ranged Weapons
 + Level 0.9 Throwing
 + Level 0.9 Armour
 + Level 4.5 Dodging
 + Level 2.4 Stealth
 + Level 0.9 Shields
 + Level 0.9 Unarmed Combat
 + Level 0.9 Spellcasting
 + Level 0.6 Conjurations
 + Level 0.6 Hexes
 + Level 0.6 Summonings
 + Level 0.6 Necromancy
 + Level 0.6 Translocations
 + Level 0.6 Transmutations
 + Level 0.6 Fire Magic
 + Level 0.6 Ice Magic
 + Level 0.6 Air Magic
 + Level 0.6 Earth Magic
 + Level 0.6 Poison Magic
 + Level 1.0 Invocations
 + Level 0.9 Evocations


You had 3 spell levels left.
You didn't know any spells.
Your spell library contained the following spells:

 Spells                   Type           Power      Damage    Failure   Level
 Conjure Flame            Conj/Fire      1%         6-21      73%         3
 Ignite Poison            Fire/Tmut/Pois 1%         N/A       73%         3
 Sticky Flame             Conj/Fire      1%         2d3       98%         4


Dungeon Overview and Level Annotations

Branches:
Dungeon (4/15)
 Temple: D:4-7

Altars:


Innate Abilities, Weirdness & Mutations

You have very sharp teeth.
Your uncanny sense of smell can sniff out nearby items.
Your experience applies equally to all skills.


Message History

* * * LOW HITPOINT WARNING * * *
The orc hits you with a +0 hand axe.
* * * LOW HITPOINT WARNING * * *
The orc closely misses you. The orc barely misses you.
The orc attacks as you move away! The orc hits you with a +0 dagger.
* * * LOW HITPOINT WARNING * * *
You hit the orc.
The orc is severely wounded.
You hit the orc.
The orc is almost dead.
The orc misses you.
You hit the orc.
You kill the orc!
You hit the orc. The orc barely misses you.
You hit the orc.
The orc is severely wounded.
The orc closely misses you. x2
You barely miss the orc.
The orc is moderately wounded.
You hit the orc but do no damage. The orc closely misses you.
The orc barely misses you.
You barely miss the orc. You bite the orc, but do no damage.
The orc is severely wounded.
You completely miss the orc. The orc hits you with a +0 falchion.
* * * LOW HITPOINT WARNING * * *
The orc barely misses you.
You barely miss the orc. You bite the orc.
You kill the orc!
You hit the orc but do no damage. The orc hits you but does no damage.
You barely miss the orc.
The orc is moderately wounded.
The orc barely misses you.
You closely miss the orc.
The orc is moderately wounded.
The orc closely misses you. x2
You hit the orc but do no damage.
The orc is moderately wounded.
The orc hits you with a +0 falchion.
You die...

### . #### ..# ∆ . ..# #.#
.### #.# #.#
...####.##########.#
.................#.######.#
##.####.########)#.........
#.####.###### #@o).......#
#...........# ############
#.####.......(.
#.#.########.### .###.# #
#.#.## .#.## ....# .#..#


You could see an orc.

Vanquished Creatures
  An adder (D:2)
  5 orcs
  An endoplasm (D:4)
  3 giant cockroaches
  2 goblins (D:3)
  3 jackals (D:3)
  A kobold (D:2)
  A ball python (D:3)
  5 bats
  A frilled lizard (D:3)
23 creatures vanquished.

Notes
Turn   | Place    | Note
-------+----------+-------------------------------------------
     0 | D:1      | SgtChris the Gnoll Hunter began the quest for the Orb.
     0 | D:1      | Reached XP level 1. HP: 20/20 MP: 1/1
   189 | D:2      | Reached XP level 2. HP: 18/26 MP: 2/2
   304 | D:2      | HP: 1/26 [poisoned by an adder]
   648 | D:2      | Noticed a black bear
   678 | D:3      | Reached XP level 3. HP: 27/31 MP: 3/3
   779 | D:4      | Reached skill level 1 in Invocations
   795 | D:4      | Slain by an orc

Illustrated notes

Levels and vault maps discovered:
D:1:      minmay_arrival_three_doors, layout_basic, chequers_big_river,
          chequers_mini_garden, minmay_box_of_dots
D:2:      layout_basic, basic_altar, kennysheep_generic_room_9
D:3:      layout_basic, trog_wizard, chequers_ecumenical_altar_simple
D:4:      layout_loops_ring

Skill      XL: |  1  2  3 |
---------------+----------+-----
Invocations    | 1 |  1.0
Fighting       | |  4.5
Short Blades   | |  0.9
Long Blades    | |  0.9
Axes           | |  0.9
Maces & Flails | |  0.9
Polearms       | |  0.9
Staves         | |  0.9
Ranged Weapons | |  8.5
Throwing       | |  0.9
Armour         | |  0.9
Dodging        | |  4.5
Stealth        | |  2.4
Shields        | |  0.9
Unarmed Combat | |  0.9
Spellcasting   | |  0.9
Conjurations   | |  0.6
Hexes          | |  0.6
Summonings     | |  0.6
Necromancy     | |  0.6
Translocations | |  0.6
Transmutations | |  0.6
Fire Magic     | |  0.6
Ice Magic      | |  0.6
Air Magic      | |  0.6
Earth Magic    | |  0.6
Poison Magic   | |  0.6
Evocations     | |  0.9

Action                   || total
-------------------------++-------
Melee: Hand axe          ||    38
       Bite              ||     3
 Fire: Shortbow          ||    38
  Use: Scroll            ||     2
       Potion            ||     1
Armor: Leather armour    ||    19
Dodge: Dodged            ||    58
